 Dungeon Crawl Stone Soup version 0.27-a0-920-gb2bd10914a (webtiles) character file.

Game seed: 1088249993380710810

7 mhtbhm the Chopper (level 1, 19/20 HPs)
             Began as a Minotaur Berserker on Apr 9, 2021.
             Was a Follower of Trog.
             Quit the game on level 1 of the Dungeon.
             The game lasted 00:00:14 (297 turns).

mhtbhm the Chopper (Minotaur Berserker)              Turns: 297, Time: 00:00:14

Health: 19/20      AC:  5    Str: 21    XL:     1   Next: 83%
Magic:  0/0        EV: 11    Int:  4    God:    Trog [*.....]
Gold:   15         SH:  0    Dex:  9    Spells: 0/0 levels left

rFire    . . .     SeeInvis .   a - +0 hand axe
rCold    . . .     Faith    .   (no shield)
rNeg     . . .     Spirit   .   b - +0 ring mail
rPois    .         Reflect  .   (helmet restricted)
rElec    .         Harm     .   (no cloak)
rCorr    .         Rampage  .   (no gloves)
Will     .....                  (no boots)
Stlth    ..........             (no amulet)
HPRegen  0.06/turn              (no ring)
MPRegen  0.07/turn              (no ring)

@: no status effects
A: horns 2, retaliatory headbutt
a: Renounce Religion, Berserk


You were on level 1 of the Dungeon.
You worshipped Trog.
Trog was aware of your devotion.
You visited 1 branch of the dungeon, and saw 1 of its levels.

You collected 15 gold pieces.

Inventory:

Hand Weapons
 a - a +0 hand axe (weapon)
Armour
 b - a +0 ring mail (worn)
Scrolls
 c - a scroll of fear {unknown}
 d - a scroll of blinking {unknown}


   Skills:
 + Level 3.8 Fighting
 + Level 3.9 Axes
 + Level 2.5 Armour
 + Level 2.2 Dodging


You couldn't memorise any spells.
You didn't know any spells.
Your spell library was empty.

Dungeon Overview and Level Annotations

Branches:
Dungeon (1/15)

Altars:


Innate Abilities, Weirdness & Mutations

You have a pair of horns on your head.
You reflexively headbutt those who attack you in melee.


Message History

Found a faded altar of an unknown god.
There is a faded altar of an unknown god here.
Found 12 bolts.
d - a scroll labelled IXOEFR PONG A hobgoblin comes into view.
The hobgoblin shouts!
You hear an angry hiss.
Found a ring mail.
A frilled lizard comes into view.
The frilled lizard hisses angrily.
You hit the hobgoblin but do no damage. Your headbutt misses the hobgoblin.
The hobgoblin barely misses you. You furiously retaliate!
You headbutt the hobgoblin!
You kill the hobgoblin!
Trog accepts your kill.
You barely miss the frilled lizard.
Your headbutt misses the frilled lizard.
The frilled lizard barely misses you.
You closely miss the frilled lizard. The frilled lizard barely misses you.
You closely miss the frilled lizard. The frilled lizard barely misses you.
You barely miss the frilled lizard. The frilled lizard bites you.
You barely miss the frilled lizard. The frilled lizard closely misses you.
You slash the frilled lizard!
You kill the frilled lizard!
Trog accepts your kill.
No target in view!
No target in view!
No target in view!
No target in view!
No target in view!
You see here a +0 ring mail.
Drop what? 4/52 slots (_ for help) (? for menu, Esc to quit)
You start removing your armour.
You continue taking off your +0 animal skin. x4
You finish taking off your +0 animal skin.
You drop a +0 animal skin.
b - a +0 ring mail You start putting on your armour.
You continue putting on your +0 ring mail. x4
You finish putting on your +0 ring mail.
Are you sure you want to abandon this character and quit the game? (Confirm with "yes".)

# #.# #. #.# #. #.#
####.#### #.#
...#....#####.#######
............#...@...#
...#.†..###.#.......####
........................
...#.#......#..........#
.. #.#.(......####.....#
#.##.......# .....#
#............. .....+
#.........#### .....#
####.........# #####


There were no monsters in sight!

Vanquished Creatures
  A dart slug (D:1)
  A hobgoblin (D:1)
  2 kobolds (D:1)
  A frilled lizard (D:1)
5 creatures vanquished.

Notes
Turn   | Place    | Note
-------+----------+-------------------------------------------
     0 | D:1      | mhtbhm the Minotaur Berserker began the quest for the Orb.
     0 | D:1      | Reached XP level 1. HP: 19/19 MP: 0/0
   241 | D:1      | Found a faded altar of an unknown god.
   297 | D:1      | Quit the game

Illustrated notes

Levels and vault maps discovered:
D:1:      erik_arrival_cave_to_civilisation [erik_arrival_cave_to_temple],
          layout_basic, basic_ecumenical_altar

Action                   || total
-------------------------++-------
Melee: Hand axe          ||    16
       Headbutt          ||     2
Dodge: Dodged            ||    12

Table legend: (Time is in decaauts)
 A = Elapsed time spent in this place.
 B = Non-inter-level travel time spent in this place.
 C = Inter-level travel time spent in this place.
 D = Time resting spent in this place.
 E = Time spent auto-exploring this place.
 F = Levels seen in this place.
 G = Mean time per level.
                   A        B        C        D        E       F      G
               +--------+--------+--------+--------+--------+-----+--------+
         Total |    298 |    298 |      0 |      0 |    239 |   1 |  298.0 |
       Dungeon |    298 |    298 |      0 |      0 |    239 |   1 |  298.0 |
               +--------+--------+--------+--------+--------+-----+--------+

Top non-repeatable levels by time:
     D:1: 298 daAuts
